 Dungeon Crawl Stone Soup version 0.25-a0-566-g062765be81 (webtiles) character file.

Game seed: 5751156453155546829, levelgen mode: deterministic

1635 Crl the Skirmisher (level 8, -1/76 HPs)
             Began as a Naga Fighter on Feb 27, 2020.
             Was an Initiate of Okawaru.
             Slain by an orc warrior
             ... wielding a +0 war axe
              (13 damage)
             ... on level 6 of the Dungeon.
             The game lasted 00:26:18 (8639 turns).

Crl the Skirmisher (Naga Fighter)                   Turns: 8639, Time: 00:26:18

Health: -1/76      AC: 10    Str: 20    XL:     8   Next: 98%
Magic:  8/8        EV:  2    Int: 12    God:    Okawaru [......]
Gold:   261        SH: 10    Dex: 11    Spells: 7/7 levels left

rFire    . . .     SeeInvis +   v - +2 trident (venom)
rCold    . . .     Gourm    +   c - +0 kite shield
rNeg     . . .     Faith    .   J - +0 plate armour
rPois    +         Spirit   .   (no helmet)
rElec    .         Reflect  .   (no cloak)
rCorr    .         Harm     .   (no gloves)
MR       +....                  (no barding)
Stlth    ..........             g - amulet of the gourmand
HPRegen  0.22/turn              i - ring of stealth
MPRegen  0.11/turn              K - +3 ring of intelligence

@: mighty, very slow
A: large, see invisible, deformed body, poison resistance, slowness 2, slow
metabolism 1, spit poison 1, AC +2
a: Spit Poison, Renounce Religion


You were on level 6 of the Dungeon.
You worshipped Okawaru.
Okawaru was noncommittal.
You were completely stuffed.

You visited 2 branches of the dungeon, and saw 7 of its levels.

You collected 261 gold pieces.

Inventory:

Hand Weapons
 v - a +2 trident of venom (weapon)
 B - a +0 whip of electrocution
 C - a +3 flail of protection
 E - a +2 halberd of protection
Missiles
 h - 3 silver boomerangs
 q - 9 atropa-tipped darts
 u - 8 javelins (quivered)
 D - a throwing net
Armour
 c - a +0 kite shield (worn)
 A - a +2 leather armour of fire resistance
 J - a +0 plate armour (worn)
Magical Staves
 j - an uncursed staff of death
Jewellery
 g - an amulet of the gourmand (around neck)
 i - a ring of stealth (left hand)
 s - an uncursed amulet of the acrobat
 K - a +3 ring of intelligence (right hand)
Wands
 t - a wand of random effects (19)
Scrolls
 e - 3 scrolls of teleportation {unknown}
 o - 2 scrolls of remove curse
 p - a scroll of blinking {unknown}
 r - 2 scrolls of random uselessness {unknown}
 w - a scroll of enchant weapon {unknown}
 x - 3 scrolls of immolation {unknown}
 y - a scroll of amnesia {unknown}
 z - a scroll of holy word {unknown}
 G - a scroll of acquirement {unknown}
 I - a scroll of enchant armour {unknown}
Potions
 d - 2 potions of might
 k - 2 potions of lignification
 l - 2 potions of flight
 m - 2 potions of degeneration {unknown}
 F - a potion of ambrosia
 H - a potion of invisibility
Comestibles
 b - 5 chunks of flesh
 f - 13 rations


   Skills:
 + Level 6.3 Fighting
 + Level 5.7 Polearms
 + Level 5.2 Armour
 + Level 5.2 Shields


You had 7 spell levels left.
You didn't know any spells.
Your spell library was empty.

Dungeon Overview and Level Annotations

Branches:
Dungeon (6/15)             Temple (1/1) D:6

Altars:
Ashenzari
Cheibriados
Dithmenos
Elyvilon
Fedhas
Hepliaklqana
Kikubaaqudgha
Nemelex Xobeh
Okawaru
Qazlal
Ru
Sif Muna
Trog
Uskayaw
Vehumet
Wu Jian
Xom
Yredelemnul
Zin
The Shining One

Annotations:
D:3 1 runed translucent door, utis's ghost, amateur TeIE


Innate Abilities, Weirdness & Mutations

You cannot wear boots.
Your serpentine skin is tough. (AC +2)
You have supernaturally acute eyesight. (SInv)
Armour fits poorly on your strangely shaped body.
Your system is resistant to poisons. (rPois)
You cover ground very slowly.
You have a slow metabolism.
You can spit poison.


Message History

The orc warrior hits you but does no damage.
You puncture the orc priest!
You kill the orc priest!
Okawaru accepts your kill.
You barely miss the orc warrior.
The orc warrior is heavily wounded.
You block the orc warrior's attack. The orc hits you with a +0 mace.
You closely miss the orc warrior.
The orc warrior is heavily wounded.
You block the orc warrior's attack. You block the orc's attack.
You closely miss the orc warrior.
The orc warrior is heavily wounded.
The orc warrior hits you with a +0 war axe!
* * * LOW HITPOINT WARNING * * *
The orc hits you but does no damage.
You puncture the orc warrior!
The orc warrior looks as sick as possible!
The orc warrior is almost dead.
The orc warrior hits you with a +0 war axe!
You die...

#### ###..#
#...##
##....###
##.(.....#
##..##..###
. ##..###()#
#..:###..##
#.o########
......Z.##
##o@).....##
....(..##
#######...#
.####..
##..#######
##.
##........
## #........
##...#####
######...##
##........#
#...###....#


You could see an orc warrior and an orc.

Vanquished Creatures
  A sky beast (D:5)
  5 ogres
  A gnoll sergeant (D:3)
  2 howler monkeys (D:5)
  A centaur zombie (D:5)
  2 jellies
  5 gnoll shamans (D:3)
  2 hounds
  2 bullfrog skeletons
  An orc priest (D:6)
  2 orc wizards
  3 worker ants
  A killer bee zombie (D:5)
  A hound skeleton (D:6)
  26 gnolls (D:3)
  4 adders
  4 shadow imps (D:5)
  4 oozes
  An adder zombie (D:5)
  An adder skeleton (D:5)
  4 worms
  A dart slug (D:5)
  6 leopard geckos
  6 orcs
  5 bats
  A giant cockroach (D:2)
  11 goblins
  5 hobgoblins
  23 jackals
  2 quokkas (D:3)
  3 ball pythons
  5 frilled lizards
  6 kobolds
  A leopard gecko zombie (D:6)
  5 rats
153 creatures vanquished.

Notes
Turn   | Place    | Note
-------+----------+-------------------------------------------
     0 | D:1      | Crl the Naga Fighter began the quest for the Orb.
     0 | D:1      | Reached XP level 1. HP: 21/21 MP: 1/1
   212 | D:1      | Reached XP level 2. HP: 23/28 MP: 2/2
   693 | D:1      | Reached XP level 3. HP: 34/34 MP: 3/3
  1900 | D:2      | Found a shimmering altar of Xom.
  2005 | D:3      | Reached XP level 4. HP: 42/42 MP: 4/4
  2250 | D:3      | Found a runed translucent door.
  2252 | D:3      | Noticed utis's ghost (amateur TeIE)
  2288 | D:3      | Noticed an ogre
  2298 | D:3      | Killed an ogre
  2298 | D:3      | Reached XP level 5. HP: 40/50 MP: 5/5
  2494 | D:3      | Reached skill level 4 in Fighting
  3203 | D:3      | Reached XP level 6. HP: 57/57 MP: 6/6
  3651 | D:3      | Reached XP level 7. HP: 66/66 MP: 7/7
  4209 | D:3      | Reached skill level 5 in Fighting
  5995 | D:5      | Entered Level 5 of the Dungeon
  6087 | D:5      | Reached XP level 8. HP: 74/74 MP: 8/8
  6266 | D:5      | Found a glowing golden altar of the Shining One.
  6266 | D:5      | Found a shimmering blue altar of Sif Muna.
  6266 | D:5      | Found a bloodstained altar of Trog.
  6266 | D:5      | Found a white marble altar of Elyvilon.
  6908 | D:5      | Reached skill level 5 in Polearms
  7856 | D:6      | Reached skill level 6 in Fighting
  7862 | D:6      | Found a hazy altar of Hepliaklqana.
  7870 | D:6      | Reached skill level 5 in Armour
  7873 | D:6      | Found a shimmering altar of Xom.
  7875 | D:6      | Found a shimmering altar of Xom.
  7876 | D:6      | Found a shimmering altar of Xom.
  7876 | D:6      | Found a shimmering altar of Xom.
  7876 | D:6      | Found a shimmering altar of Xom.
  7876 | D:6      | Found a shimmering altar of Xom.
  7876 | D:6      | Found a shimmering altar of Xom.
  7899 | D:6      | Reached skill level 5 in Shields
  8178 | D:6      | Found a staircase to the Ecumenical Temple.
  8183 | Temple   | Entered the Ecumenical Temple
  8414 | Temple   | Became a worshipper of Warmaster Okawaru
  8639 | D:6      | Slain by an orc warrior

Levels and vault maps discovered:
D:1:      erik_arrival_gehennom, layout_basic, serial_co_window_serial,
          co_window_paths_a, co_window_paths_b, co_window_corner_a,
          co_window_of_opportunity_a, co_window_corner_a,
          co_window_of_opportunity_c, co_window_corner_b, co_window_corner_b,
          co_window_unsneaky_path_a, co_window_2corner, glass_columns_a,
          glass_columns_a
D:2:      layout_rooms, xom_butterflies, first_ration, st_stairs_6,
          minivault_11, minivault_26
D:3:      lemuel_castle_with_subvaults [lemuel_castle_interior_carwin_2],
          layout_basic, hellmonk_ghost_happy_afterlife
D:4:      wad_lake_hut, layout_rooms
D:5:      cheibrodos_barr_body, layout_basic,
          chequers_temple_overflow_statue_of_worship
D:6:      layout_layer_cave, overflow_temple_1_default, bloody_makhleb,
          minmay_temple_entry_butterflies, serial_shops,
          nicolae_shop_temple_entry_statues_fountains, minmay_misc_feat_chi,
          xom_redecorated
Temple:   eino_temple_water

Skill      XL: |  1  2  3  4  5  6  7  8 |
---------------+-------------------------+-----
Polearms       | 3 4 5 |  5.7
Armour         | 3 4 5 |  5.2
Shields        | 3 4 5 |  5.2
Fighting       | 4 5 6 |  6.3

Action                   |  1- 3 |  4- 6 |  7- 9 || total
-------------------------+-------+-------+-------++-------
Melee: Trident           |    69 |    83 |   248 ||   400
Throw: Boomerang         |       |     3 |       ||     3
 Abil: Spit Poison       |    28 |    37 |    46 ||   111
  Use: Potion            |       |       |     4 ||     4
       Scroll            |       |       |     8 ||     8
 Stab: Distracted        |       |       |     1 ||     1
  Eat: Chunk             |     4 |     5 |    28 ||    37
Armor: Scale mail        |    23 |     5 |    41 ||    69
       Plate armour      |       |       |    29 ||    29
Dodge: Dodged            |    12 |    11 |    36 ||    59
Block: Kite shield       |    27 |    28 |    95 ||   150

Table legend:
 A = Non-vault XP
 B = Vault XP
 C = Vault XP percentage of total XP
 D = Non-vault monster count
 E = Vault monster count
 F = Vault count percentage of total count
                 A         B        C        D         E       F
            +---------+---------+-------+---------+---------+-------
      Total |    1337 |    1000 |  42.8 |      86 |      67 |  43.8
            +---------+---------+-------+---------+---------+-------
        D:1 |      31 |      18 |  36.7 |      18 |       5 |  21.7
        D:2 |      28 |       2 |   6.7 |       9 |       1 |  10.0
        D:3 |     229 |     697 |  75.3 |      22 |      50 |  69.4
        D:4 |     126 |       0 |   0.0 |       7 |       0 |   0.0
        D:5 |     530 |     283 |  34.8 |      17 |      11 |  39.3
        D:6 |     393 |       0 |   0.0 |      13 |       0 |   0.0
            +---------+---------+-------+---------+---------+-------
